 Dungeon Crawl Stone Soup version 0.30-a0-219-gf2db51d15e (webtiles) character file.

Game seed: 12582792244039253429

147 jimonade the Cutter (level 5, -8/30 HPs)
             Began as a Kobold Brigand on Oct 7, 2022.
             Engulfed by a cloud of flame (21 damage)
             ... on level 4 of the Dungeon.
             The game lasted 00:05:58 (2894 turns).

jimonade the Cutter (Kobold Brigand)                Turns: 2894, Time: 00:05:58

Health: -8/30      AC: 11    Str:  8    XL:     5   Next: 55%
Magic:  5/5        EV: 16    Int: 13    God:
Gold:   134        SH:  0    Dex: 18    Spells: 4/4 levels left

rFire   . . .      SeeInvis .    b - +1 short sword (protect)
rCold   . . .      Faith    .    (no shield)
rNeg    . . .      Spirit   .    l - +0 ring mail
rPois   .          Reflect  .    m - +2 hat {Stlth+}
rElec   .          Harm     .    c - +0 cloak
rCorr   .          Rampage  .    w - +0 pair of gloves
Will    .....                    B - +1 pair of boots
Stlth   +++++.....               (no amulet)
HPRegen 0.25/turn                v - +4 ring of evasion
MPRegen 0.09/turn                (no ring)

@: no status effects
A: small, no large weapons, nightstalker 3
a: no special abilities


You were on level 4 of the Dungeon.
You visited 1 branch of the dungeon, and saw 4 of its levels.

You collected 134 gold pieces.

Inventory:

Hand Weapons
 a - a +2 dagger
 b - a +1 short sword of protection (weapon)
 i - a +0 dagger of distortion
 k - a +1 mace of venom
 s - a +0 rapier
Missiles
 d - 16 poisoned darts (quivered)
 e - 3 curare-tipped darts
Armour
 c - a +0 cloak (worn)
 l - a +0 ring mail (worn)
 m - a +2 hat of stealth (worn)
 q - a +0 leather armour
 w - a +0 pair of gloves (worn)
 B - a +1 pair of boots (worn)
 F - a +0 robe
Jewellery
 v - a +4 ring of evasion (left hand)
 E - a +6 ring of strength
Scrolls
 n - a scroll of immolation
 o - 3 scrolls of teleportation {unknown}
 x - 3 scrolls of identify {unknown}
Potions
 h - 2 potions of cancellation {unknown}
 p - 2 potions of mutation {unknown}
 r - a potion of heal wounds {unknown}
 t - a potion of magic {unknown}
 z - a potion of attraction {unknown}
 C - a potion of flight {unknown}
 D - a potion of curing {unknown}


   Skills:
 - Level 2.1 Fighting
 + Level 7.1 Short Blades
 - Level 2.1 Throwing
 - Level 1.2 Dodging
 - Level 5.3 Stealth


You had 4 spell levels left.
You didn't know any spells.
Your spell library contained the following spells:

 Spells                   Type           Power      Damage    Failure   Level
 Sandblast                Erth           0%         2d4       67%         1
 Cigotuvi's Dreadful Rot  Necr/Pois/Air  0%         N/A       82%         2
 Passwall                 Tmut/Erth      0%         N/A       82%         2
 Poisonous Vapours        Pois/Air       0%         N/A       82%         2
 Static Discharge         Conj/Air       0%         2-2/arc   82%         2
 Mephitic Cloud           Conj/Pois/Air  0%         N/A       96%         3
 Stone Arrow              Conj/Erth      0%         3d7       96%         3
 Vhi's Electric Charge    Tloc/Air       0%         N/A       96%         3
 Arcjolt                  Conj/Air       0%         1d10      100%        5
 Lightning Bolt           Conj/Air       0%         1d11      100%        5
 Maxwell's Capacitive Co  Air            0%         ∞         100%        8


Dungeon Overview and Level Annotations

Branches:
Dungeon (4/15)
 Temple: D:4-7

Altars:


Innate Abilities, Weirdness & Mutations

You are small and have problems with some larger weapons.
You are completely attuned to the shadows.


Message History

Wisps of shadow whirl around you...
It was a scroll of summoning.
Blink to where?
Press: ? - help, Dir - move target, f - you Are you sure you want to cancel this blink?
Okay, then.
As you read the scroll labelled LEOZIUMMABLU, it crumbles to dust.
It was a scroll of blinking.
A goblin comes into view. It is wielding a +0 club.
Your ball python closely misses the goblin. x2
Okay, then.
You hit the goblin.
You kill the goblin!
As you read the scroll labelled KOIBLI ZOBIS, it crumbles to dust.
It is a scroll of brand weapon.
Your +1 short sword of speed projects an invisible shield of force!
b - a +1 short sword of protection (weapon)
The goblin hits your endoplasm with a +0 club.
Your ball python barely misses the goblin.
Your ball python grabs the goblin.
Your ball python constricts the goblin.
As you read the scroll labelled LYKOUL JUMU, it crumbles to dust.
The creatures around you are filled with an inner flame!
It was a scroll of immolation.
Your endoplasm hits the goblin.
Flame seeps out of the goblin.
The goblin is engulfed in blazing flames.
The goblin explodes!
The fiery explosion engulfs your endoplasm!!
Your endoplasm dissolves into shadows!
The fiery explosion engulfs your ball python!!
Your ball python's corpse dissolves into shadows!
Your ball python explodes!
The fiery explosion engulfs your orc!!
Your orc's corpse dissolves into shadows!
Your orc explodes!
The fiery explosion engulfs you!
Ouch! That really hurt!
Your endoplasm explodes!
You hear an angry hiss.
You are engulfed in blazing flames.
Ouch! That really hurt!
You die...

#.......
#.......
#.......
#§§.†...
#○§§....
#§§.....
#§§.....
#@§.$...
#.......
....##.
######


There were no monsters in sight!

Vanquished Creatures
  An orc wizard (D:3)
  Robin (D:3)
  3 adders (D:2)
  A worm (D:2)
  2 dart slugs
  5 orcs (D:3)
  9 ball pythons
  5 bats
  4 endoplasms
  2 giant cockroaches
  15 goblins
  6 hobgoblins
  4 kobolds
  2 quokkas (D:2)
  4 frilled lizards
  8 rats
72 creatures vanquished.

Notes
Turn   | Place    | Note
-------+----------+-------------------------------------------
     0 | D:1      | jimonade the Kobold Brigand began the quest for the Orb.
     0 | D:1      | Reached XP level 1. HP: 12/12 MP: 1/1
    36 | D:1      | Reached skill level 3 in Short Blades
   204 | D:1      | Reached XP level 2. HP: 17/17 MP: 2/2
   814 | D:1      | Reached skill level 4 in Short Blades
  1131 | D:2      | Reached XP level 3. HP: 21/21 MP: 3/3
  1215 | D:2      | Reached skill level 5 in Short Blades
  1345 | D:2      | Reached XP level 4. HP: 26/26 MP: 4/4
  2035 | D:3      | Reached skill level 6 in Short Blades
  2035 | D:3      | Reached XP level 5. HP: 19/30 MP: 5/5
  2265 | D:3      | Noticed Robin
  2276 | D:3      | Killed Robin
  2537 | D:3      | Reached skill level 7 in Short Blades
  2894 | D:4      | Engulfed by a cloud of flame

Illustrated notes

Levels and vault maps discovered:
D:1:      dpeg_arrival_rooms_with_view, layout_loops_corners, serial_aquarium,
          aquarium_bridge_square [aquarium_subvault_window,
          aquarium_subvault_bridge, aquarium_subvault_bridge,
          aquarium_subvault_window], aquarium_window_fake, aquarium_window_fake,
          aquarium_window_fake, aquarium_view_2b, aquarium_balcony_3b,
          minivault_4
D:2:      layout_basic, minivault_26, minmay_randomly_rotated_circles
D:3:      layout_basic, uniq_robin
D:4:      layout_rooms, gup_sewer_entry_spiral, uniq_blork_the_orc

Skill      XL: |  1  2  3  4  5 |
---------------+----------------+-----
Short Blades   | 3 4 5 6 7 |  7.1
Fighting       | |  2.1
Throwing       | |  2.1
Dodging        | |  1.2
Stealth        | |  5.3

Action                   |  1- 3 |  4- 6 || total
-------------------------+-------+-------++-------
Melee: Dagger            |    39 |   137 ||   176
       Short sword       |       |     4 ||     4
       Punch             |       |     2 ||     2
  Use: Scroll            |       |     7 ||     7
 Stab: Sleeping          |    20 |    15 ||    35
       Distracted        |       |     2 ||     2
Armor: Robe              |     1 |       ||     1
       Ring mail         |     3 |    37 ||    40
Dodge: Dodged            |     7 |    62 ||    69

Table legend: (Time is in decaauts)
 A = Elapsed time spent in this place.
 B = Non-inter-level travel time spent in this place.
 C = Inter-level travel time spent in this place.
 D = Time resting spent in this place.
 E = Time spent auto-exploring this place.
 F = Levels seen in this place.
 G = Mean time per level.
                   A        B        C        D        E       F      G
               +--------+--------+--------+--------+--------+-----+--------+
         Total |   2829 |   2714 |    115 |      0 |   2164 |   4 |  707.2 |
       Dungeon |   2829 |   2714 |    115 |      0 |   2164 |   4 |  707.2 |
               +--------+--------+--------+--------+--------+-----+--------+

Top non-repeatable levels by time:
     D:1: 1125 daAuts
     D:3: 1104 daAuts
     D:2: 584 daAuts
     D:4: 15 daAuts
